AoeStats
← ZZZ1

Black Forest

510620828Analyzed
4v4 RM · 11h ago on Oct 1, 2026· 29m 2s· 8 players
Game mode
Random Map
Map size
Large (8 player)
Population
200
Speed
Normal
Resources
Standard
Victory
Conquest
Starting age
Dark Age
Ending age
Imperial Age
RankedLock teamsTeams togetherTeam positionsShared explorationLock speedFull tech treeHidden civsTurbo modeCheats
Victory
Defeat
🇦🇷 Turks · Argentina
1117
+14
🇨🇱 Danes · Chile
1107
+14
🇹🇼 Franks · Taiwan
1106
+14
🇦🇷 Saracens · Argentina
1101
+15
🇮🇹 Turks · Italy
1117
-16
🇺🇸 Malay · United States
1073
-14
🇺🇸 Japanese · United States
1060
-14
🇨🇦 Bohemians · Canada
1031
-13
GoodLuck
0:32 Loom
16:53 Feudal Age
17:25 Wheelbarrow
16:42 Horse Collar
16:56 Double-Bit Axe
24:11 Castle Age
24:20 Bow Saw
23:31 Pikeman
24:24 Squires
24:41 Forging
24:59 Heavy Plow
25:50 Hand Cart
VadersSon2004
11:18 Feudal Age
12:26 Double-Bit Axe
15:09 Castle Age
13:53 Double-Bit Axe
14:10 Horse Collar
17:17 Wheelbarrow
19:00 Bow Saw
20:53 Heavy Plow
21:48 Fishing Lines
22:22 Gold Mining
22:55 Loom
23:04 Stone Mining
23:54 Gillnets
24:48 Fletching
26:18 Gold Shaft Mining
clive bixby
1:14 Loom
12:59 Feudal Age
13:35 Horse Collar
13:56 Double-Bit Axe
19:03 Castle Age
20:05 Heavy Plow
20:22 Bow Saw
24:14 Imperial Age
25:13 Wheelbarrow
26:11 Two-Man Saw
25:16 Pikeman
25:57 Squires
25:55 Town Watch
26:43 Halberdier
passami lo sdrogo
12:45 Feudal Age
15:48 Double-Bit Axe
19:03 Castle Age
17:28 Gold Mining
17:30 Fishing Lines
23:23 Imperial Age
23:54 Padded Archer Armor
23:59 Loom
24:51 Wheelbarrow
Fat Bastard
9:00 Loom
13:12 Feudal Age
17:50 Castle Age
15:57 Double-Bit Axe
16:02 Fishing Lines
17:40 Gold Mining
18:44 Bow Saw
19:52 Wheelbarrow
19:21 Gillnets
26:05 Imperial Age
24:36 Forging
25:26 Husbandry
25:37 Bloodlines
25:59 Scale Barding Armor
26:30 Heavy Camel Rider
ZZZ1
5:42 Loom
12:14 Feudal Age
16:18 Castle Age
14:07 Double-Bit Axe
24:47 Bow Saw
25:14 Wheelbarrow
[CL] Chinchilla ®
5:08 Loom
8:42 Feudal Age
9:24 Double-Bit Axe
10:14 Man-at-Arms
20:01 Castle Age
17:55 Gold Mining
20:25 Long Swordsman
21:31 Forging
21:21 Scale Mail Armor
23:08 Bow Saw
22:51 Gambesons
23:08 Squires
24:46 Wheelbarrow
26:41 Iron Casting
26:21 Chain Mail Armor
25:55 Town Watch
velko nicolaev iotov
0:34 Loom
13:41 Feudal Age
17:25 Castle Age
22:07 Imperial Age
19:53 Double-Bit Axe
Connection lost

Rejoining the realm…

Still unreachable

The connection could not be restored.

Session expired

The server has moved on; the page needs a fresh start.